 Dungeon Crawl Stone Soup version 0.31.0-12-g77e489cdc1 (webtiles) character file.

Game seed: 18007469493680134689

198 MollyMolluskus the Ruffian (level 5, -3/36 HPs)
             Began as an Octopode Fighter on Mar 3, 2024.
             Slain by a wight
             ... wielding a +0 trident
              (7 damage)
             ... on level 4 of the Dungeon on Mar 4, 2024.
             The game lasted 00:11:27 (2414 turns).

MollyMolluskus the Ruffian (Octopode Fighter)       Turns: 2414, Time: 00:11:28

Health: -3/36      AC:  1    Str: 18    XL:     5   Next: 77%
Magic:  5/5        EV: 13    Int: 10    God:
Gold:   130        SH:  5    Dex: 11    Spells: 4/4 levels left

rFire   . .          .
                       - Unarmed
rCold   . . .        a - +1 buckler
rNeg    . . .        (helmet restricted)
rPois   .            (no amulet)
rElec   .            (no ring)
rCorr   .            (no ring)
SInv    .            (no ring)
Will    .....        (no ring)
Stlth   +++          (no ring)
HPRegen 0.26/turn    (no ring)
MPRegen 0.09/turn    (no ring)
                     (no ring)

%: no passive effects
@: no status effects
A: almost no armour, amphibious, 8 rings, camouflage 1, gelatinous body 1,
(nimble swimmer 1), tentacles
a: no special abilities


You were on level 4 of the Dungeon.
You visited 1 branch of the dungeon, and saw 4 of its levels.

You collected 130 gold pieces.

Inventory:

Hand Weapons
 b - a +2 dagger of venom
Missiles
 g - 17 poisoned darts (quivered)
Armour
 a - a +1 buckler (worn)
Jewellery
 j - a ring of flight
Wands
 i - a wand of flame (30)
Scrolls
 d - a scroll of teleportation
Potions
 c - 2 potions of curing
 e - 2 potions of might
 h - a potion of enlightenment
 k - a potion of berserk rage


   Skills:
 + Level 3.6 Fighting
 + Level 3.6 Dodging
 + Level 2.8 Stealth
 + Level 3.7 Shields
 * Level 3.7 Unarmed Combat


You had 4 spell levels left.
You didn't know any spells.
Your spell library contained the following spells:

 Spells                   Type           Power      Damage    Failure   Level
 Apportation              Tloc           0%         N/A       43%         1
 Necrotise                Necr           0%         1d4       43%         1
 Sting                    Conj/Alch      0%         1d3       43%         1
 Summon Small Mammal      Summ           0%         N/A       43%         1
 Ensorcelled Hibernation  Hex/Ice        0%         N/A       58%         2
 Fugue of the Fallen      Necr           0%         N/A       82%         3
 Anguish                  Hex/Necr       0%         N/A       99%         4


Dungeon Overview and Level Annotations

Branches:
Dungeon (4/15)
 Temple: D:4-7

Altars:
Hepliaklqana
Kikubaaqudgha


Innate Abilities, Weirdness & Mutations

You cannot wear most types of armour.
You are amphibious.
You can wear up to eight rings at the same time.
Your skin changes colour to match your surroundings (Stealth+).
Your rubbery body absorbs attacks. (AC +1, EV +1)
((You are camouflaged when in or above water. (Stealth+)))
You have tentacles for arms and can constrict up to eight enemies at once.


Message History

Your grab misses the wight.
The wight is almost destroyed.
You block the wight's attack.
You tentacle-slap the wight.
You destroy the wight!
You have reached level 5!
You feel stronger. 3 wights come into view.
Things that are here:
a +0 long sword; a +0 robe The helpless wight fails to defend itself.
You tentacle-slap the wight but do no damage.
Your grab misses the wight. The wight barely misses you.
You tentacle-slap the wight. You grab the wight.
The wight is moderately damaged.
You constrict the wight.
You tentacle-slap the wight but do no damage.
You tentacle-slap the wight.
The wight is heavily damaged.
You constrict the wight. The wight closely misses you. x2
You tentacle-slap the wight but do no damage.
The wight is severely damaged.
You constrict the wight.
The wight hits you from afar with a +0 trident!
You feel drained.
The wight hits you with a +0 morningstar!
You barely miss the wight.
The wight is severely damaged.
You constrict the wight. The wight closely misses you.
The wight barely misses you.
You tentacle-slap the wight but do no damage.
You squeeze the wight.
You destroy the wight!
The wight hits you from afar with a +0 trident!
* * * LOW HITPOINT WARNING * * *
You feel drained.
* * * LOW HITPOINT WARNING * * *
Your life force feels restored.
The wight hits you with a +0 trident!
You die...

## .# .# .# .#
#### .## #z. ..###
#z# #...# #@#
..#.# ####.######
.##.# #..)........
.##.# #.##.#######
.##.# #######.##.#
.##.# #..........#
###.# #.#####.##.#
#.###.#####.##.#
###..............#


You could see 2 wights.

Vanquished Creatures
  2 wights (D:4)
  Robin (D:2)
  A ribbon worm (D:2)
  2 dart slugs
  An orc (D:4)
  12 endoplasms
  A giant cockroach (D:2)
  13 goblins
  9 hobgoblins
  7 jackals (D:1)
  3 quokkas
  4 ball pythons
  4 bats
  4 frilled lizards
  2 kobolds
  3 rats (D:1)
69 creatures vanquished.

Notes
Turn   | Place    | Note
-------+----------+-------------------------------------------
     0 | D:1      | MollyMolluskus the Octopode Fighter began the quest for the
                  | Orb.
     0 | D:1      | Reached XP level 1. HP: 16/16 MP: 1/1
    88 | D:1      | Reached XP level 2. HP: 16/21 MP: 2/2
   100 | D:1      | Reached skill level 1 in Stealth
   432 | D:1      | Reached XP level 3. HP: 26/26 MP: 3/3
   890 | D:2      | Noticed Robin
   905 | D:2      | Killed Robin
   908 | D:2      | Reached XP level 4. HP: 20/31 MP: 4/4
  1001 | D:2      | Found a hazy altar of Hepliaklqana.
  1321 | D:2      | Found a faded altar of an unknown god.
  1645 | D:3      | Found an ancient bone altar of Kikubaaqudgha.
  2406 | D:4      | Reached XP level 5. HP: 36/36 MP: 5/5
  2414 | D:4      | Slain by a wight

Illustrated notes

Levels and vault maps discovered:
D:1:      co_arrival_square_in_a_square_in_a_square, layout_basic,
          serial_bayou_lake_a
D:2:      layout_loops_ring, chequers_ecumenical_altar_simple_redux,
          basic_altar, amcnicky_mini_rare_corridor_liquid, dk_vineyard_3,
          uniq_robin
D:3:      layout_basic, kiku_gazebo_pond_becter, minmay_bisected
D:4:      layout_loops_ring, nicolae_tso_swordbearing_angel,
          lightli_ossuary_entry_decrepit_ruins, nrook_loot_triangle

Skill      XL: |  1  2  3  4 |
---------------+-------------+-----
Stealth        | 1 2 |  2.8
Unarmed Combat | 3 |  3.7
Fighting       | |  3.6
Dodging        | |  3.6
Shields        | |  3.7

Action                     |  1- 3 |  4- 6 || total
---------------------------+-------+-------++-------
  Melee: Unarmed           |    29 |    21 ||    50
         Tentacles         |    15 |     6 ||    21
         Constrict         |    18 |    10 ||    28
         Dagger            |    54 |    39 ||    93
         Punch             |       |     4 ||     4
    Use: Scroll            |       |     9 ||     9
   Stab: Sleeping          |     7 |     8 ||    15
 Armour: Skin              |    31 |    14 ||    45
  Dodge: Dodged            |    38 |    25 ||    63
  Block: Buckler           |    11 |    13 ||    24
